 Dungeon Crawl Stone Soup version 0.22-a0-533-g4d20840 (webtiles) character file.

20 kae the Insei (level 2, -1/21 HPs)
             Began as a Demonspawn Transmuter on June 22, 2018.
             Slain by a worm (8 damage)
             ... on level 2 of the Dungeon.
             The game lasted 00:00:35 (1142 turns).

kae the Insei (Demonspawn Transmuter)               Turns: 1142, Time: 00:00:36

Health: -1/21      AC:  3    Str: 10    XL:     2   Next: 58%
Magic:  5/5        EV: 11    Int: 14    God:
Gold:   79         SH:  0    Dex: 13    Spells: 4/5 levels left

rFire    . . .     SeeInvis .     - Unarmed
rCold    . . .     Gourm    .   (no shield)
rNeg     . . .     Faith    .   c - +0 leather armour
rPois    .         Spirit   .   (no helmet)
rElec    .         Reflect  .   (no cloak)
rCorr    .         Harm     .   (no gloves)
MR       .....                  (no boots)
Stlth    +.........             (no amulet)
HPRegen  0.07/turn              (no ring)
MPRegen  0.09/turn              (no ring)

@: no status effects
A: powered by pain 1
a: no special abilities


You were on level 2 of the Dungeon.
You were hungry.

You visited 1 branch of the dungeon, and saw 2 of its levels.

You collected 79 gold pieces.

Inventory:

Missiles
 a - 28 arrows
Armour
 b - a +0 robe
 c - a +0 leather armour (worn)
Scrolls
 e - a scroll of remove curse {unknown}
Potions
 g - a potion of mutation
 h - a potion of curing
 j - a potion of ambrosia {unknown}
Comestibles
 d - 2 rations


   Skills:
 + Level 1.3 Fighting
 - Level 1.7 Dodging
 * Level 3.0 Unarmed Combat
 + Level 2.1 Spellcasting
 * Level 2.2 Transmutations


You had 4 spell levels left.
You knew the following spells:

 Your Spells              Type           Power        Failure   Level  Hunger
a - Beastly Appendage     Tmut           #.....       13%         1    #......

Your spell library contained the following spells:

 Spells                   Type           Power        Failure   Level  Hunger
 Spider Form              Tmut/Pois      #.........   52%         3    ###....
 Blade Hands              Tmut           #.........   98%         5    ######.
 Ice Form                 Ice/Tmut       #.......     89%         4    #####..
 Sticks to Snakes         Tmut           #.......     19%         2    ###....


Dungeon Overview and Level Annotations

Branches:
Dungeon (2/15)

Altars:


Innate Abilities, Weirdness & Mutations

You sometimes gain a little power by taking damage.


Message History

You closely miss the frilled lizard.
Your headbutt misses the frilled lizard.
The frilled lizard barely misses you.
You hit the frilled lizard but do no damage.
Your headbutt misses the frilled lizard.
The frilled lizard bites you.
You hit the frilled lizard but do no damage.
The frilled lizard barely misses you.
You hit the frilled lizard.
You kill the frilled lizard!
The worm closely misses you.
You barely miss the worm.
Your horns disappear.
You hit the worm.
The worm is lightly wounded.
The worm bites you but does no damage.
You hit the worm.
The worm is lightly wounded.
The worm bites you!
You die...

.# ########..# #.# ##
#.## #.# ≈≈≈≈≈≈≈≈≈##
#.# #.# ≈≈≈≈≈≈≈≈≈≈##
#.######.#
≈≈≈≈≈≈≈≈≈≈≈###..>.....#
≈≈≈≈≈≈≈≈≈≈≈≈##.########
≈≈≈≈≈≈≈≈≈≈≈≈≈#.#
≈≈≈≈≈≈≈≈≈≈≈≈≈#.#
♣..♣≈≈≈≈≈≈≈#@#
♣[.......'w#
♣$.......'.#
♣..♣≈≈≈≈≈≈≈###
≈≈≈≈≈≈≈≈≈≈≈≈≈#
≈≈≈≈≈≈≈≈≈≈≈≈≈#
≈≈≈≈≈≈≈≈≈≈≈≈##
≈≈≈≈≈≈≈≈≈≈≈##
≈≈≈≈≈≈≈≈≈##


You could see a worm.

Vanquished Creatures
  A dart slug (D:1)
  4 giant cockroaches (D:1)
  4 goblins (D:1)
  2 hobgoblins (D:1)
  A bat (D:1)
  A frilled lizard (D:2)
  3 rats
16 creatures vanquished.

Notes
Turn   | Place    | Note
-------+----------+-------------------------------------------
     0 | D:1      | kae the Demonspawn Transmuter began the quest for the Orb.
     0 | D:1      | Reached XP level 1. HP: 15/15 MP: 3/3
   450 | D:1      | Gained mutation: You sometimes gain a little power by taking damage. [demonic ancestry]
   450 | D:1      | Reached XP level 2. HP: 20/21 MP: 5/5
   642 | D:1      | Reached skill level 3 in Unarmed Combat
  1142 | D:2      | Slain by a worm

Vault maps used:
D:1:      zelgadis_glass_arrival_small
D:2:      kennysheep_big_flooded_room, led_sif_pool, uniq_sigmund

Skill      XL: |  1  2 |
---------------+-------+-----
Transmutations | 2 |  2.2
Unarmed Combat | 3 |  3.0
Fighting       | |  1.3
Dodging        | |  1.7
Spellcasting   | |  2.1

Action                   || total
-------------------------++-------
Melee: Unarmed           ||    80
       Kick              ||     3
 Cast: Beastly Appendage ||     7
  Use: Scroll            ||     4
 Stab: Sleeping          ||     1
Armor: Robe              ||     2
       Leather armour    ||    14
Dodge: Dodged            ||    45

Table legend:
 A = Spawn XP
 B = Non-spawn XP
 C = Spawn XP percentage of total XP
 D = Spawn monster count
 E = Non-spawn monster count
 F = Spawn count percentage of total count
 G = Total turns spent on level
                    A         B        C        D         E        F      G
               +---------+---------+-------+---------+---------+-------+---------
         Total |       0 |      29 |   0.0 |       0 |      16 |   0.0 |  1142
               +---------+---------+-------+---------+---------+-------+---------
           D:1 |       0 |      27 |   0.0 |       0 |      14 |   0.0 |   953
           D:2 |       0 |       2 |   0.0 |       0 |       2 |   0.0 |   189
               +---------+---------+-------+---------+---------+-------+---------
